Map: Frozen Temple

Players

hinO

  • Race: Zerg Zerg
  • League: Master
  • Spawn Location: 11:00

SemperFi

  • Race: Zerg Zerg
  • League: Master
  • Spawn Location: 5:00

Amix

  • Race: Zerg Zerg
  • League: Platinum

ShowTime

  • Race: Zerg Zerg

VOD

Have the link to the VOD?

Description

Time

  • Played on: Nov. 16, 2016, 2:35 p.m.
  • Length: 6:51
Show
View Real Time Build Order
Export as new Build Order

hinO Zerg 

Build Orders: Pool Only, Zergling Baneling 

Get SALT Encoding   

  12  0:01  Drone  
  13  0:22  Spawning Pool  
  13  0:26  Drone  
  13  0:30  Drone  
  14  0:36  Drone, Extractor  
  14  0:45  Overlord  
  14  1:09  Zergling x6  
  17  1:11  Queen  
  19  1:23  Zergling x2  
  20  1:31  Zergling x2  
  21  1:37  Metabolic Boost  
  21  1:41  Zergling x2  
  21  2:03  Baneling Nest  
  21  2:04  Zergling x2  
  21  2:14  Zergling x2  
  21  2:33  Overlord  
  21  2:34  Overlord  
  21  2:36  Overlord  
  21  2:47  Baneling  
  21  2:48  Baneling x4  
  18  3:00  Zergling x6  
  20  3:11  Zergling x2  
  20  3:12  Zergling x2  
  20  3:13  Zergling x2  
  20  3:14  Zergling x2  
  22  3:22  Baneling x4  
  22  3:44  Zergling x8  
  26  3:52  Zergling x4  
  28  4:03  Baneling  
  28  4:04  Baneling  
  28  4:05  Baneling  
  28  4:06  Baneling  
  27  4:15  Zergling x2  
  27  4:16  Zergling x4  
  29  4:22  Zergling x2  
  23  4:46  Zergling x6  
  23  4:47  Zergling x2  
  23  4:50  Baneling  
  23  4:51  Baneling  
  23  4:52  Baneling  
  26  4:53  Baneling  
  26  4:56  Baneling  
  26  4:58  Baneling  
  26  5:02  Baneling  
  26  5:10  Zergling x2  
  26  5:11  Zergling x2  
  27  5:17  Zergling x2  
  27  5:22  Zergling x2  
  27  5:26  Zergling x2  
  29  5:31  Zergling x2  
  29  5:36  Zergling x2  
  25  5:51  Zergling x2  
  25  5:52  Baneling  
  23  6:03  Baneling x2  
  21  6:06  Baneling x2  
  21  6:08  Zergling x4  
  23  6:18  Zergling x4  
  21  6:29  Zergling x4  
  21  6:31  Zergling x2  
Show
View Real Time Build Order
Export as new Build Order

SemperFi Zerg 

Build Orders: Pool First 

Get SALT Encoding   

  12  0:01  Drone  
  13  0:09  Drone  
  14  0:20  Drone, Extractor  
  14  0:32  Spawning Pool  
  14  0:35  Drone  
  14  0:47  Overlord  
  14  1:19  Queen, Zergling x6  
  14  1:22  Metabolic Boost  
  19  1:41  Drone  
  20  1:51  Hatchery  
  17  1:55  Zergling x2  
  18  2:03  Zergling x4  
  20  2:14  Zergling x2  
  21  2:27  Overlord  
  21  2:42  Baneling Nest  
  20  2:45  Queen  
  22  2:53  Zergling x6  
  24  3:10  Zergling x4  
  24  3:16  Drone  
  25  3:28  Drone x3  
  28  3:39  Drone x2  
  28  3:40  Baneling  
  28  3:41  Baneling  
  30  3:48  Drone  
  30  3:49  Drone x2  
  33  4:04  Zergling x6  
  34  4:14  Zergling x2  
  34  4:15  Overlord  
  33  4:20  Drone x2  
  35  4:25  Zergling x2  
  35  4:26  Baneling  
  35  4:27  Baneling  
  35  4:35  Roach Warren  
  33  4:42  Drone x2  
  33  4:43  Drone  
  32  4:50  Queen  
  32  4:51  Drone  
  32  4:52  Evolution Chamber  
  34  4:58  Zergling x6  
  37  5:00  Baneling  
  37  5:01  Baneling  
  37  5:04  Drone  
  37  5:07  Drone  
  39  5:19  Zergling x4  
  37  5:34  Zergling x14  
  31  5:46  Queen  
  32  5:50  Spine Crawler  
  31  5:57  Zergling x6  
  31  5:58  Baneling, Overlord  
  31  5:59  Baneling  
  31  6:00  Baneling  
  31  6:03  Baneling  
  31  6:04  Baneling x2  
  34  6:07  Zergling x2  
  34  6:14  Drone, Spine Crawler  
  34  6:16  Baneling x2  
Show
View Real Time Build Order
Export as new Build Order

Amix Zerg 

Build Orders:  

Get SALT Encoding   

Show
View Real Time Build Order
Export as new Build Order

ShowTime Zerg 

Build Orders:  

Get SALT Encoding   

Tags
 
Add a new tag
Caveats
  • Supply blocks, unpowered buildings, or Contaminate may cause inaccurate times.
  • Supply counts are checked every 10 seconds.